 Dungeon Crawl Stone Soup version 0.23-a0-386-g9c9d49f (webtiles) character file.

32 Ijustatesigmund the Magician (level 3, 0/25 HPs)
             Began as a Gnoll Wizard on Oct 28, 2018.
             Slain by a kobold (4 damage)
             ... on level 3 of the Dungeon.
             The game lasted 00:03:04 (1529 turns).

Ijustatesigmund the Magician (Gnoll Wizard)         Turns: 1529, Time: 00:03:05

Health: 0/25       AC:  3    Str:  9    XL:     3   Next: 27%
Magic:  11/11      EV: 21    Int: 21    God:
Gold:   63         SH:  2    Dex: 22    Spells: 13/16 levels left

rFire    . . .     SeeInvis .   c - +3 dagger
rCold    . . .     Gourm    .   (no shield)
rNeg     . . .     Faith    .   a - +0 robe
rPois    .         Spirit   .   b - +0 hat
rElec    .         Reflect  +   (no cloak)
rCorr    .         Harm     .   j - +0 pair of gloves
MR       .....                  (no boots)
Stlth    ++++......             h - +2 amulet of reflection
HPRegen  0.08/turn              i - +4 ring of dexterity
MPRegen  0.12/turn              (no ring)

@: agile, lethally poisoned (0 -> -2)
A: distributed training, fangs 1, strong nose
a: no special abilities


You were on level 3 of the Dungeon.
You were hungry.

You visited 1 branch of the dungeon, and saw 3 of its levels.

You collected 63 gold pieces.

Inventory:

Hand Weapons
 c - a +3 dagger (weapon)
Armour
 a - a +0 robe (worn)
 b - a +0 hat (worn)
 j - a +0 pair of gloves (worn)
Jewellery
 h - a +2 amulet of reflection (around neck)
 i - a +4 ring of dexterity (left hand)
 k - an uncursed amulet of magic regeneration {unknown}
 n - an uncursed ring of stealth {unknown}
 q - an uncursed ring of ice {unknown}
Scrolls
 f - a scroll of remove curse {unknown}
 g - a scroll of amnesia {unknown}
 l - a scroll of random uselessness {unknown}
 m - a scroll of teleportation {unknown}
 o - a scroll of immolation {unknown}
Comestibles
 d - 2 rations


   Skills:
 + Level 0.6 Fighting
 + Level 0.6 Short Blades
 + Level 0.6 Long Blades
 + Level 0.6 Axes
 + Level 0.6 Maces & Flails
 + Level 0.6 Polearms
 + Level 0.6 Staves
 + Level 0.6 Slings
 + Level 0.6 Bows
 + Level 0.6 Crossbows
 + Level 0.6 Throwing
 + Level 0.6 Armour
 + Level 4.5 Dodging
 + Level 4.1 Stealth
 + Level 0.6 Shields
 + Level 0.6 Unarmed Combat
 + Level 7.1 Spellcasting
 + Level 2.1 Conjurations
 + Level 0.4 Hexes
 + Level 0.4 Charms
 + Level 2.1 Summonings
 + Level 0.4 Necromancy
 + Level 2.1 Translocations
 + Level 0.4 Transmutations
 + Level 0.4 Fire Magic
 + Level 0.4 Ice Magic
 + Level 0.4 Air Magic
 + Level 0.4 Earth Magic
 + Level 0.4 Poison Magic
 + Level 0.8 Invocations
 + Level 0.6 Evocations


You had 13 spell levels left.
You knew the following spells:

 Your Spells              Type           Power        Failure   Level  Hunger
a - Magic Dart            Conj           ###.         3%          1    None
b - Blink                 Tloc           N/A          5%          2    None

Your spell library contained the following spells:

 Spells                   Type           Power        Failure   Level  Hunger
 Call Imp                 Summ           ###.....     5%          2    None
 Slow                     Hex            #.......     11%         2    None
 Conjure Flame            Conj/Fire      ##......     16%         3    None
 Mephitic Cloud           Conj/Pois/Air  ##......     17%         3    None


Dungeon Overview and Level Annotations

Branches:
Dungeon (3/15)

Altars:

Annotations:
D:2 Terence


Innate Abilities, Weirdness & Mutations

Your experience applies equally to all skills.
You have very sharp teeth.
Your uncanny sense of smell can sniff out nearby items.


Message History

The bullfrog closely misses you. The kobold misses you.
The goblin hits you but does no damage. You block the adder's attack.
The bullfrog closely misses you.
You closely miss the bullfrog.
The bullfrog is severely wounded.
The kobold barely misses you. The adder bites you.
You are poisoned.
The adder poisons you! The bullfrog hits you!
The goblin hits you but does no damage. The frilled lizard barely misses you.
An adder comes into view.
Wield which item (- for none, * to show all)? (? for menu, Esc to quit)
Okay, then.
Okay, then.
Unknown command.
It was a potion of agility.
You feel agile all of a sudden.
You feel sick. The bullfrog hits you.
* * * LOW HITPOINT WARNING * * *
The adder barely misses you. The kobold hits you.
You die...

..$. #####...
... #......#.
..##........
..#........
..........
#.......#
#(g.....#.
#.@lKg....
<.....FKS......
.......g.(...##
.......####...S
###..#. .##
..)..# # .... .
......


You could see a bullfrog, 2 adders, a hobgoblin, 2 goblins, 2 kobolds and a
frilled lizard.

Vanquished Creatures
  A worm (D:2)
  5 bats
  3 giant cockroaches
  4 goblins
  3 hobgoblins (D:1)
  5 kobolds (D:1)
  3 frilled lizards
  6 rats
30 creatures vanquished.

Notes
Turn   | Place    | Note
-------+----------+-------------------------------------------
     0 | D:1      | Ijustatesigmund the Gnoll Wizard began the quest for the
                  | Orb.
     0 | D:1      | Reached XP level 1. HP: 13/13 MP: 8/8
    57 | D:1      | Reached XP level 2. HP: 19/19 MP: 2/10
    61 | D:1      | Learned a level 2 spell: Blink
   959 | D:1      | Reached XP level 3. HP: 25/25 MP: 7/11
  1509 | D:2      | Noticed Terence
  1522 | D:3      | Noticed a bullfrog
  1529 | D:3      | Slain by a kobold

Vault maps used:
D:1:      denvon_arrival_planthouse
D:2:      trog_three_pillars_becter, uniq_terence
D:3:      minmay_tree_intersection

Skill      XL: |  1 |
---------------+----+-----
Conjurations   | 2 |  2.1
Summonings     | 2 |  2.1
Translocations | 2 |  2.1
Fighting       | |  0.6
Short Blades   | |  0.6
Long Blades    | |  0.6
Axes           | |  0.6
Maces & Flails | |  0.6
Polearms       | |  0.6
Staves         | |  0.6
Slings         | |  0.6
Bows           | |  0.6
Crossbows      | |  0.6
Throwing       | |  0.6
Armour         | |  0.6
Dodging        | |  4.5
Stealth        | |  4.1
Shields        | |  0.6
Unarmed Combat | |  0.6
Spellcasting   | |  7.1
Hexes          | |  0.4
Charms         | |  0.4
Necromancy     | |  0.4
Transmutations | |  0.4
Fire Magic     | |  0.4
Ice Magic      | |  0.4
Air Magic      | |  0.4
Earth Magic    | |  0.4
Poison Magic   | |  0.4
Invocations    | |  0.8
Evocations     | |  0.6

Action                   || total
-------------------------++-------
Melee: Mace              ||    12
       Bite              ||     2
       Dagger            ||     6
 Cast: Magic Dart        ||    53
  Use: Potion            ||     2
  Eat: Chunk             ||     1
Armor: Robe              ||     5
Dodge: Dodged            ||    43
Block: Other             ||     2

Table legend:
 A = Non-vault XP
 B = Vault XP
 C = Vault XP percentage of total XP
 D = Non-vault monster count
 E = Vault monster count
 F = Vault count percentage of total count
                 A         B        C        D         E       F
            +---------+---------+-------+---------+---------+-------
      Total |      47 |       0 |   0.0 |      30 |       0 |   0.0
            +---------+---------+-------+---------+---------+-------
        D:1 |      35 |       0 |   0.0 |      23 |       0 |   0.0
        D:2 |      12 |       0 |   0.0 |       7 |       0 |   0.0
            +---------+---------+-------+---------+---------+-------
